 Dungeon Crawl Stone Soup version 0.31-a0-1074-g0b22e4e0f1 (webtiles) character file.

Game seed: 9566221124779325361

141 Darius099 the Chopper (level 5, -2/45 HPs)
             Began as a Minotaur Fighter on Dec 1, 2023.
             Slain by a gnoll bouda
             ... wielding a +0 whip
              (3 damage)
             ... on level 4 of the Dungeon.
             The game lasted 00:03:23 (2542 turns).

Darius099 the Chopper (Minotaur Fighter)            Turns: 2542, Time: 00:03:27

Health: -2/45      AC:  6    Str: 22    XL:     5   Next: 3%
Magic:  4/4        EV:  9    Int:  5    God:
Gold:   195        SH:  4    Dex: 10    Spells: 4/4 levels left

rFire   . . .        a - +0 war axe
rCold   + . .        c - +0 buckler
rNeg    . . .        b - +0 scale mail
rPois   .            (helmet restricted)
rElec   .            (no cloak)
rCorr   .            (no gloves)
SInv    .            (no boots)
Will    .....        (no amulet) Stlth
                     m - ring of protection from cold
HPRegen 0.27/turn    (no ring)
MPRegen 0.09/turn

%: no passive effects
@: weakened
A: horns 2, retaliatory headbutt
a: no special abilities


You were on level 4 of the Dungeon.
You visited 1 branch of the dungeon, and saw 4 of its levels.

You collected 195 gold pieces.

Inventory:

Hand Weapons
 a - a +0 war axe (weapon)
Armour
 b - a +0 scale mail (worn)
 c - a +0 buckler (worn)
Jewellery
 m - a ring of protection from cold (left hand)
Scrolls
 e - 3 scrolls of identify {unknown}
 f - a scroll of brand weapon {unknown}
 g - 2 scrolls of amnesia {unknown}
 i - a scroll of fear {unknown}
 k - 2 scrolls of poison {unknown}
 l - a scroll of vulnerability {unknown}
 o - a scroll of fog {unknown}
Potions
 d - a potion of might
 h - 2 potions of berserk rage {unknown}
 j - a potion of lignification {unknown}
 n - 2 potions of haste {unknown}


   Skills:
 - Level 3.6 Fighting
 + Level 6.4 Axes
 - Level 3.6 Armour
 - Level 3.6 Shields


You had 4 spell levels left.
You didn't know any spells.
Your spell library contained the following spells:

 Spells                   Type           Power      Damage    Failure   Level
 Freeze                   Ice            0%         1d3       86%         1
 Dazzling Flash           Conj/Hex       0%         N/A       99%         3
 Frozen Ramparts          Ice            0%         1d1       99%         3
 Hailstorm                Conj/Ice       0%         3d3       99%         3
 Stone Arrow              Conj/Erth      0%         3d7       99%         3
 Volatile Blastmotes      Fire/Tloc      0%         2d10      99%         3
 Animate Armour           Summ/Erth      0%         N/A       100%        4
 Starburst                Conj/Fire      0%         6d3       100%        6
 Lehudib's Crystal Spear  Conj/Erth      0%         10d2      100%        8
 Maxwell's Capacitive Co  Air            0%         ∞         100%        8


Dungeon Overview and Level Annotations

Branches:
Dungeon (4/15)
 Temple: D:4-7

Altars:
Xom

Shops:
D:3 [


Innate Abilities, Weirdness & Mutations

You have a pair of horns on your head.
You reflexively headbutt those who attack you in melee.


Message History

You have reached level 5!
You struggle against the net.
The gnoll hits you from afar with a +0 spear.
There are monsters nearby!
You struggle against the net.
The gnoll bouda hits you with a +0 whip!
The gnoll hits you but does no damage. The gnoll barely misses you.
You struggle against the net.
The gnoll hits you but does no damage. x2
The gnoll barely misses you.
The gnoll bouda hits you with a +0 whip.
You rip the net and break free!
You block the gnoll's attack.
The gnoll hits you from afar with a +0 spear.
The gnoll bouda barks out a call to the hunt!
The gnolls pick up the pace!
You block the gnoll's attack.
You barely miss the gnoll bouda. You barely miss the gnoll.
You block the gnoll's attack. x2
The gnoll hits you from afar with a +0 spear.
The gnoll bouda hits you with a +0 whip.
* * * LOW HITPOINT WARNING * * *
The gnoll bouda attacks as it pursues you!
The gnoll bouda hits you with a +0 whip.
* * * LOW HITPOINT WARNING * * *
The gnoll attacks as it pursues you!
The gnoll hits you from afar with a +0 spear.
* * * LOW HITPOINT WARNING * * *
The gnoll hits you from afar with a +0 spear.
* * * LOW HITPOINT WARNING * * *
You hit the gnoll bouda but do no damage.
The gnoll bouda gazes fiercely through you!
You feel your attacks grow feeble. The gnoll bouda barely misses you.
You hit the gnoll bouda but do no damage.
Your headbutt misses the gnoll bouda.
The gnoll bouda hits you with a +0 whip.
* * * LOW HITPOINT WARNING * * *
The gnoll bouda gazes fiercely through you!
You feel as though you will be weak longer.
The gnoll bouda hits you with a +0 whip.
You die...

### #.# ####.#
##....#
#...<.##
#......###.#..
#.............
##....####.##.
##.#g@....#
#.gg#######
#...)# #....#
......#
###.?..#
...... #.....#
#.##..#


You could see a gnoll bouda and 2 gnolls.

Vanquished Creatures
  An iguana (D:3)
  4 adders (D:3)
  A gnoll (D:4)
  A worm (D:2)
  2 dart slugs
  An orc (D:3)
  5 ball pythons
  9 endoplasms
  4 goblins
  9 hobgoblins
  3 quokkas
  7 bats
  3 frilled lizards
  7 kobolds
  3 rats
60 creatures vanquished.

Notes
Turn   | Place    | Note
-------+----------+-------------------------------------------
     0 | D:1      | Darius099 the Minotaur Fighter began the quest for the Orb.
     0 | D:1      | Reached XP level 1. HP: 19/19 MP: 0/0
    90 | D:1      | Reached skill level 3 in Axes
   189 | D:1      | Reached XP level 2. HP: 26/26 MP: 1/1
   494 | D:1      | Reached skill level 4 in Axes
   932 | D:2      | Found a faded altar of an unknown god.
  1027 | D:2      | Reached XP level 3. HP: 31/31 MP: 2/2
  1900 | D:3      | Found Roodunn's Antique Armour Shop.
  2004 | D:3      | Reached skill level 5 in Axes
  2125 | D:3      | Found a shimmering altar of Xom.
  2136 | D:3      | Reached XP level 4. HP: 27/39 MP: 3/3
  2146 | D:3      | Reached skill level 6 in Axes
  2534 | D:4      | Reached XP level 5. HP: 39/45 MP: 4/4
  2542 | D:4      | HP: 1/45 [gnoll bouda/+0 whip (5)]
  2542 | D:4      | Slain by a gnoll bouda

Illustrated notes

Levels and vault maps discovered:
D:1:      saegor_arrival_simple_b, layout_basic, serial_forest,
          infiniplex_forest_corner_1, infiniplex_forest_split,
          infiniplex_forest_lined_corner, infiniplex_forest_end_2,
          infiniplex_forest_zigzag_1
D:2:      layout_basic, dilly_ecumenical_altar_fadedgnrine
D:3:      layout_rooms, xom_confusion_cloud, serial_shops, nicolae_shop_stone
D:4:      layout_loops_corners, chequers_temple_overflow_minitemple,
          uniq_edmund, uniq_sigmund, uniq_blork_the_orc

Skill      XL: |  1  2  3  4 |
---------------+-------------+-----
Axes           | 3 4 5 6 |  6.4
Fighting       | |  3.6
Armour         | |  3.6
Shields        | |  3.6

Action                     |  1- 3 |  4- 6 || total
---------------------------+-------+-------++-------
  Melee: War axe           |    88 |    28 ||   116
         Headbutt          |    13 |     5 ||    18
 Armour: Scale mail        |    51 |    31 ||    82
  Dodge: Dodged            |    35 |    18 ||    53
  Block: Buckler           |    21 |     7 ||    28

Table legend: (Time is in decaauts)
 A = Elapsed time spent in this place.
 B = Non-inter-level travel time spent in this place.
 C = Inter-level travel time spent in this place.
 D = Time resting spent in this place.
 E = Time spent auto-exploring this place.
 F = Levels seen in this place.
 G = Mean time per level.
                   A        B        C        D        E       F      G
               +--------+--------+--------+--------+--------+-----+--------+
         Total |   2576 |   2460 |    116 |     91 |   1994 |   4 |  644.0 |
       Dungeon |   2576 |   2460 |    116 |     91 |   1994 |   4 |  644.0 |
               +--------+--------+--------+--------+--------+-----+--------+

Top non-repeatable levels by time:
     D:2: 1096 daAuts
     D:1: 816 daAuts
     D:3: 643 daAuts
     D:4: 19 daAuts
